 Dungeon Crawl Stone Soup version 0.23.1-37-gaa34b87b72 (webtiles) character file.

Game seed: 14649621862947488586

163 GGGomer the Firebug (level 5, -8/28 HPs)
             Began as a Gargoyle Fire Elementalist on Mar 20, 2019.
             Killed by divine providence
             ... invoked by an orc priest
              (14 damage)
             ... on level 3 of the Dungeon.
             The game lasted 00:26:25 (3788 turns).

GGGomer the Firebug (Gargoyle Fire Elementalist)    Turns: 3788, Time: 00:26:26

Health: -8/28      AC:  7    Str: 12    XL:     5   Next: 44%
Magic:  1/9        EV: 12    Int: 16    God:
Gold:   126        SH:  0    Dex: 13    Spells: 4/10 levels left

rFire    . . .     SeeInvis .   k - +1 dagger (venom)
rCold    . . .     Gourm    .   (no shield)
rNeg     + . .     Faith    .   a - +0 robe
rPois    ∞         Spirit   .   (no helmet)
rElec    +         Reflect  .   (no cloak)
rCorr    .         Harm     .   q - +0 pair of gloves
MR       .....                  (no boots)
Stlth    ++........             (no amulet)
HPRegen  0.09/turn              m - +3 ring of dexterity
MPRegen  0.11/turn              (no ring)

@: very slightly contaminated
A: negative energy resistance 1, electricity resistance, unbreathing,
petrification resistance, rot immunity, AC +4
a: no special abilities


You were on level 3 of the Dungeon.
You were hungry.

You visited 1 branch of the dungeon, and saw 3 of its levels.

You collected 126 gold pieces.

Inventory:

Hand Weapons
 e - a +0 whip
 k - a +1 dagger of venom (weapon)
 n - a cursed -1 dagger
Missiles
 j - 87 stones (quivered)
Armour
 a - a +0 robe (worn)
 d - a +0 ring mail
 l - a +0 robe
 q - a +0 pair of gloves (worn)
Jewellery
 m - a +3 ring of dexterity (left hand)
Scrolls
 b - a scroll of enchant armour {unknown}
 f - 2 scrolls of remove curse {unknown}
 g - a scroll of magic mapping {unknown}
 i - 2 scrolls of identify {unknown}
 o - 2 scrolls of teleportation {unknown}
Potions
 h - a potion of haste {unknown}
 p - a potion of flight {unknown}
 r - a potion of resistance {unknown}
Comestibles
 c - 2 rations


   Skills:
 + Level 0.4 Fighting
 + Level 0.2 Short Blades
 + Level 0.1 Maces & Flails
 + Level 0.1 Throwing
 + Level 1.7 Dodging
 + Level 2.7 Stealth
 + Level 3.2 Spellcasting
 + Level 2.9 Conjurations
 + Level 3.8 Fire Magic


You had 4 spell levels left.
You knew the following spells:

 Your Spells              Type           Power        Failure   Level  Hunger
a - Flame Tongue          Conj/Fire      ##...        4%          1    None
b - Throw Flame           Conj/Fire      ##....       7%          2    ##.....
c - Inner Flame           Hex/Fire       #.......     24%         3    ###....

Your spell library contained the following spells:

 Spells                   Type           Power        Failure   Level  Hunger
 Conjure Flame            Conj/Fire      ##......     14%         3    ###....
 Sticky Flame             Conj/Fire      ##......     41%         4    ####...
 Fireball                 Conj/Fire      ##........   77%         5    ######.


Dungeon Overview and Level Annotations

Branches:
Dungeon (3/15)

Altars:
Yredelemnul


Innate Abilities, Weirdness & Mutations

You are resistant to torment.
Your stone body is resilient. (AC +4)
You are immune to poison.
You resist negative energy. (rN+)
You are resistant to electric shocks. (rElec)
You can survive without breathing.
You are immune to petrification.
You are immune to rotting.


Message History

The orc hits you but does no damage.
You kill the orc!
Things that are here:
a +0 dagger; a +0 scale mail; an orc corpse You hit the orc priest but do no damage.
The orc priest is poisoned.
The orc priest mumbles some strange prayers to Beogh against you.
You barely resist.
The orc priest begins to cast a cantrip, but forgets the words!
There are monsters nearby!
The orc priest hits you with a +0 trident!
* * * LOW HITPOINT WARNING * * *
The orc priest hits you from afar with a +0 trident.
* * * LOW HITPOINT WARNING * * *
The orc priest calls upon Beogh to heal the orc priest.
The orc priest's wounds heal themselves!
The orc priest mumbles some strange prayers to Beogh against you.
Beogh smites you!
Ouch! That really hurt!
You die...

####...#####.......## #.#.##
##........##.........###....##
...........'.........'.......#
##........##........(###..).##
##.#...### #.......#......##
#.#...# ##.....##.##......#
#.##### ##...###.####.##.# #.#
##'## #.# .# # #.# #@# #.. .#
#.# ### ## ##.## ##.oo#####
.####........#
........).....#####
..######.##........
#.########## #.#


You could see 2 orc priests.

Vanquished Creatures
  A crimson imp (D:2)
  3 adders
  An ooze (D:2)
  5 worms (D:2)
  4 dart slugs
  4 leopard geckos
  5 orcs (D:3)
  4 ball pythons
  3 giant cockroaches
  3 goblins
  A hobgoblin (D:3)
  7 jackals
  2 quokkas
  9 bats
  3 frilled lizards
  10 kobolds
  5 rats
70 creatures vanquished.

Notes
Turn   | Place    | Note
-------+----------+-------------------------------------------
     0 | D:1      | GGGomer the Gargoyle Fire Elementalist began the quest for
                  | the Orb.
     0 | D:1      | Reached XP level 1. HP: 10/10 MP: 3/3
     5 | D:1      | Noticed an electric eel
    13 | D:1      | Noticed an electric eel
   257 | D:1      | Reached XP level 2. HP: 15/15 MP: 0/5
   808 | D:1      | Reached XP level 3. HP: 19/19 MP: 4/6
  1494 | D:1      | Learned a level 2 spell: Throw Flame
  1834 | D:2      | Reached XP level 4. HP: 24/24 MP: 0/8
  2374 | D:2      | Reached XP level 5. HP: 28/28 MP: 2/9
  2848 | D:2      | Found a basalt altar of Yredelemnul.
  3229 | D:2      | Learned a level 3 spell: Inner Flame
  3788 | D:3      | Killed from afar by an orc priest

Skill      XL: |  1  2  3  4 |
---------------+-------------+-----
Conjurations   | 2 |  2.9
Spellcasting   | 3 |  3.2
Fighting       | |  0.4
Short Blades   | |  0.2
Maces & Flails | |  0.1
Throwing       | |  0.1
Dodging        | |  1.7
Stealth        | |  2.7
Fire Magic     | |  3.8

Action                   |  1- 3 |  4- 6 || total
-------------------------+-------+-------++-------
Melee: Whip              |    13 |       ||    13
       Dagger            |     2 |    28 ||    30
Throw: Stone             |       |    14 ||    14
 Cast: Flame Tongue      |    51 |    31 ||    82
       Throw Flame       |     6 |    39 ||    45
       Inner Flame       |       |     1 ||     1
  Eat: Ration            |     1 |     1 ||     2
       Chunk             |       |     5 ||     5
Armor: Robe              |    14 |     9 ||    23
Dodge: Dodged            |    20 |    22 ||    42
